Map: Dusk Towers

Players

Perfidy

  • Race: Zerg Zerg

BUSDRIVER - Winner!

  • Race: Protoss Protoss
  • League: Diamond

VOD

Have the link to the VOD?

Description

Picked Apart like clock work

Time

  • Played on: April 2, 2016, 10:28 a.m.
  • Length: 12:50
Show
View Real Time Build Order
Export as new Build Order

Perfidy Zerg 

Build Orders: Hatch First 

Get SALT Encoding   

  12  0:01  Drone  
  13  0:12  Overlord  
  13  0:17  Drone  
  14  0:30  Drone  
  14  0:31  Drone  
  16  0:35  Drone  
  17  0:46  Drone  
  18  1:00  Drone, Hatchery  
  18  1:06  Drone  
  19  1:12  Extractor  
  19  1:17  Drone  
  19  1:22  Spawning Pool  
  18  1:30  Drone  
  19  1:39  Drone  
  20  1:50  Hatchery  
  20  1:52  Drone  
  20  2:00  Overlord  
  20  2:08  Queen  
  22  2:19  Metabolic Boost  
  22  2:25  Queen  
  24  2:31  Drone  
  24  2:34  Drone  
  24  2:36  Drone  
  27  2:39  Drone  
  27  2:42  Drone  
  27  2:43  Drone  
  30  2:50  Drone  
  31  2:57  Drone  
  32  3:04  Drone  
  33  3:06  Queen  
  33  3:09  Queen  
  33  3:10  Drone  
  33  3:11  Drone  
  39  3:15  Overlord  
  39  3:20  Drone  
  39  3:21  Drone  
  39  3:25  Drone  
  42  3:43  Drone  
  43  3:59  Drone x2  
  43  4:00  Drone x5  
  43  4:01  Overlord x2  
  50  4:04  Extractor  
  50  4:05  Extractor  
  50  4:08  Extractor  
  47  4:12  Drone x2  
  47  4:13  Drone  
  50  4:23  Drone  
  50  4:24  Drone x2  
  53  4:25  Drone x2  
  53  4:26  Drone  
  53  4:27  Extractor  
  55  4:39  Roach Warren  
  55  4:40  Drone  
  55  4:41  Drone  
  55  4:45  Drone x2  
  58  4:47  Drone x2  
  58  4:48  Drone x4  
  64  4:59  Drone x2  
  66  5:05  Overlord x3  
  66  5:23  Extractor  
  65  5:32  Evolution Chamber  
  65  5:33  Overlord, Lair  
  65  5:34  Evolution Chamber, Overlord  
  63  6:00  Roach x4  
  63  6:01  Roach x5  
  63  6:02  Zergling x4  
  63  6:03  Zergling x8  
  87  6:04  Zerg Ground Armor Level 1  
  87  6:06  Zerg Missile Weapons Level 1  
  87  6:07  Drone  
  87  6:08  Drone x3  
  87  6:09  Hatchery  
  90  6:37  Spore Crawler  
  73  6:40  Spore Crawler x2  
  73  6:41  Spore Crawler x2  
  73  6:42  Spore Crawler  
  73  6:43  Spore Crawler  
  73  6:44  Spore Crawler x2  
  73  6:45  Spore Crawler  
  61  6:47  Zergling x20  
  61  6:48  Zergling x2  
  61  6:53  Lair  
  78  7:00  Spawning Pool  
  70  7:17  Drone  
  70  7:18  Drone x2  
  67  7:42  Drone x3  
  67  7:43  Drone x3  
  73  7:48  Drone x4  
  77  8:00  Zerg Ground Armor Level 2, Zerg Missile Weapons Level 2  
  77  8:01  Hatchery  
  77  8:05  Roach Warren  
  75  8:09  Drone  
  75  8:10  Drone x5  
  75  8:11  Hydralisk Den, Drone x3  
  81  8:24  Queen x2  
  79  8:50  Hydralisk x3  
  59  9:07  Hydralisk x3  
  59  9:08  Hydralisk x2  
  61  9:22  Drone x2  
  63  9:25  Queen  
  65  9:37  Drone  
  65  9:38  Drone  
  67  9:54  Roach x6  
  79  10:05  Ravager x5  
  84  10:08  Overlord  
  84  10:11  Overlord  
  83  10:53  Ravager x2  
  83  10:54  Ravager x3  
Show
View Real Time Build Order
Export as new Build Order

BUSDRIVER Protoss - Winner!

Build Orders: 1 Gate Expand 

Get SALT Encoding   

  12  0:01  Probe (Chrono Boost)  
  13  0:11  Probe (Chrono Boost)  
  14  0:22  Probe (Chrono Boost)  
  14  0:25  Pylon  
  15  0:44  Gateway, Probe (Chrono Boost)  
  16  0:52  Assimilator  
  16  0:54  Probe (Chrono Boost)  
  17  0:57  Assimilator  
  17  1:05  Probe (Chrono Boost)  
  18  1:15  Probe (Chrono Boost)  
  19  1:26  Probe (Chrono Boost)  
  20  1:36  Probe (Chrono Boost)  
  21  1:40  Nexus  
  21  1:47  Probe (Chrono Boost)  
  22  1:55  Cybernetics Core  
  22  1:58  Probe (Chrono Boost)  
  23  2:09  Pylon  
  23  2:27  Probe (Chrono Boost)  
  24  2:31  Stalker (Chrono Boost)  
  26  2:38  Probe (Chrono Boost)  
  27  2:45  Assimilator  
  27  2:51  Probe x2  
  29  3:03  Probe x2 (Chrono Boost)  
  31  3:14  Probe x2 (Chrono Boost)  
  31  3:15  Assimilator  
  33  3:23  Pylon  
  33  3:24  Probe (Chrono Boost)  
  33  3:25  Probe (Chrono Boost)  
  35  3:35  Probe x2 (Chrono Boost)  
  37  3:43  Stargate  
  37  3:46  Probe x2 (Chrono Boost)  
  37  3:48  Stargate  
  39  3:51  Stargate  
  39  3:56  Probe x2 (Chrono Boost)  
  39  4:02  Pylon  
  41  4:04  Pylon  
  41  4:07  Probe x2 (Chrono Boost)  
  43  4:10  Forge  
  43  4:17  Probe x2 (Chrono Boost)  
  45  4:28  Mothership Core (Chrono Boost), Probe (Chrono Boost)  
  45  4:29  Oracle (Chrono Boost)  
  51  4:36  Oracle x2 (Chrono Boost)  
  51  4:38  Probe (Chrono Boost)  
  58  4:45  Pylon  
  58  4:47  Probe  
  58  4:49  Photon Cannon  
  62  5:07  Oracle (Chrono Boost)  
  62  5:08  Oracle x2 (Chrono Boost)  
  68  5:21  Photon Cannon  
  68  5:30  Pylon  
  68  5:39  Oracle x2 (Chrono Boost)  
  68  5:40  Photon Cannon  
  68  5:41  Photon Cannon  
  77  5:43  Oracle (Chrono Boost)  
  77  5:48  Probe  
  78  6:01  Photon Cannon, Pylon, Probe  
  78  6:03  Photon Cannon  
  79  6:08  Nexus  
  82  6:21  Void Ray (Chrono Boost)  
  87  6:26  Void Ray (Chrono Boost)  
  87  6:27  Void Ray (Chrono Boost)  
  91  6:50  Pylon  
  91  6:51  Pylon  
  91  7:09  Void Ray (Chrono Boost)  
  91  7:10  Void Ray (Chrono Boost)  
  91  7:14  Void Ray (Chrono Boost)  
  103  7:19  Pylon  
  103  7:22  Photon Cannon x2  
  103  7:37  Probe  
  103  7:39  Photon Cannon  
  104  7:47  Probe  
  105  7:55  Void Ray x2 (Chrono Boost)  
  105  7:57  Void Ray (Chrono Boost)  
  105  7:58  Probe  
  118  8:08  Probe  
  119  8:13  Assimilator  
  119  8:18  Assimilator  
  119  8:19  Probe  
  120  8:32  Void Ray (Chrono Boost)  
  124  8:40  Void Ray (Chrono Boost)  
  116  8:56  Void Ray (Chrono Boost)  
  124  9:10  Void Ray (Chrono Boost)  
  124  9:23  Void Ray (Chrono Boost)  
  128  9:25  Pylon  
  128  9:26  Pylon  
  128  9:28  Pylon  
  128  9:33  Void Ray (Chrono Boost)  
  132  9:47  Void Ray (Chrono Boost)  
  132  9:48  Probe  
  137  9:59  Probe  
  138  10:09  Probe  
  136  11:47  Void Ray x2 (Chrono Boost)  
  136  11:52  Void Ray (Chrono Boost)  
Tags
 
Add a new tag
Caveats
  • Supply blocks, unpowered buildings, or Contaminate may cause inaccurate times.
  • Supply counts are checked every 10 seconds.